AoeStats
← marc_silvag

Arena

510650333Analyzed
2v2 RM · 1d ago on Oct 2, 2026· 56m 11s· 4 players
Game mode
Random Map
Map size
Medium (4 player)
Population
200
Speed
Normal
Resources
Standard
Victory
Conquest
Starting age
Dark Age
Ending age
Imperial Age
RankedLock teamsTeams togetherTeam positionsShared explorationLock speedFull tech treeHidden civsTurbo modeCheats
Victory
Defeat
🇹🇼 Spanish · Taiwan
930
+15
🇪🇸 Celts · Spain
843
+19
🇨🇱 Franks · Chile
900
-31
🇨🇱 Vietnamese · Chile
900
-31
teserre08
6:08 Loom
10:38 Feudal Age
13:49 Double-Bit Axe
13:46 Horse Collar
20:36 Castle Age
19:26 Scale Mail Armor
19:27 Padded Archer Armor
21:07 Scale Barding Armor
20:40 Elite Skirmisher
22:42 Bow Saw
22:25 Gold Mining
22:36 Heavy Plow
23:06 Crossbowman
26:15 Leather Archer Armor
27:43 Husbandry
29:25 Wheelbarrow
29:14 Chain Barding Armor
30:07 Fortified Wall
34:44 Ballistics
35:36 Murder Holes
38:18 Imperial Age
36:41 Stone Mining
37:54 Chain Mail Armor
39:51 Ring Archer Armor
39:57 Plate Barding Armor
39:53 Plate Mail Armor
38:52 Imperial Skirmisher
38:53 Arbalester
40:46 Bloodlines
42:12 Chemistry
42:11 Pikeman
44:26 Chatras
44:51 Paper Money
45:29 Forging
45:12 Fletching
45:53 Elite Battle Elephant
53:10 Halberdier
marc_silvag
1:15 Loom
11:42 Feudal Age
13:02 Wheelbarrow
12:35 Double-Bit Axe
16:16 Gold Mining
21:29 Castle Age
39:45 Light Cavalry
42:27 Bow Saw
47:09 Hand Cart
小藍
11:55 Feudal Age
16:31 Castle Age
14:26 Horse Collar
15:09 Double-Bit Axe
15:38 Loom
17:32 Wheelbarrow
18:45 Heavy Plow
25:57 Hand Cart
26:07 Town Watch
30:16 Bow Saw
36:19 Imperial Age
35:00 Husbandry
35:10 Bloodlines
35:46 Scale Barding Armor
35:52 Forging
35:29 Light Cavalry
36:02 Fletching
36:13 Padded Archer Armor
37:01 Gold Mining
36:59 Cavalier
39:07 Town Patrol
40:06 Chain Barding Armor
40:22 Iron Casting
41:40 Paladin
41:49 Pikeman
44:49 Blast Furnace
44:25 Plate Barding Armor
44:05 Leather Archer Armor
43:46 Bodkin Arrow
43:42 Hussar
45:05 Squires
46:13 Arson
46:13 Gambesons
46:24 Halberdier
47:52 Elite Conquistador
49:47 Scale Mail Armor
50:03 Stone Mining
53:47 Two-Man Saw
53:44 Chain Mail Armor
53:29 Bracer
54:00 Ring Archer Armor
55:18 Chemistry
54:38 Ballistics
54:30 Fortified Wall
54:15 Murder Holes
54:31 Masonry
57:06 Plate Mail Armor
57:00 Bombard Tower
56:36 Murder Holes
56:29 Arrowslits
Ortegasmo 14
Connection lost

Rejoining the realm…

Still unreachable

The connection could not be restored.

Session expired

The server has moved on; the page needs a fresh start.